 Dungeon Crawl Stone Soup version 0.20.1-1-g8b1a95d (console) character file.

832 hilaritas the Digger (level 7, -7/36 HPs)
             Began as a Gargoyle Earth Elementalist on Sept 23, 2017.
             Killed from afar by Thaneod's ghost (11 damage)
             ... with a flame tongue
             ... on level 5 of the Dungeon.
             The game lasted 00:14:22 (4958 turns).

hilaritas the Digger (Gargoyle Earth Elementalist)  Turns: 4958, Time: 00:14:23

Health: -7/36      AC:  7    Str: 11    XL:     7   Next: 98%
Magic:  0/16       EV: 12    Int: 18    God:
Gold:   213        SH:  0    Dex: 10    Spells: 9/18 levels left

rFire    . . .     SeeInvis .   a - +1 whip
rCold    . . .     Gourm    .   (no shield)
rNeg     + . .     Faith    .   c - +0 robe
rPois    ∞         Spirit   .   m - +0 helmet
rElec    +         Reflect  .   (no cloak)
rCorr    .         Harm     .   (no gloves)
MR       .....                  (no boots)
Stlth    ++........             (no amulet)
Regen    0.2/turn               (no ring)
MPRegen  0.2/turn               (no ring)

@: no status effects
A: negative energy resistance 1, electricity resistance, unbreathing,
petrification resistance, rot immunity, AC +4
a: no special abilities


You were on level 5 of the Dungeon.
You were hungry.

You visited 1 branch of the dungeon, and saw 5 of its levels.

You collected 213 gold pieces.

Inventory:

Hand Weapons
 a - a +1 whip (weapon)
Missiles
 l - 15 stones (quivered)
 r - 82 arrows
Armour
 c - a +0 robe (worn)
 m - a +0 helmet (worn)
Scrolls
 g - 3 scrolls of blinking
 i - a scroll of teleportation
 n - a scroll of enchant weapon
 q - 5 scrolls of identify
 t - 3 scrolls of recharging
 x - a scroll of remove curse
Potions
 j - a potion of curing
 k - a potion of invisibility
 p - a potion of berserk rage
 v - a potion of magic {unknown}
 z - a potion of agility {unknown}
 A - a potion of brilliance {unknown}
Books
 e - a book of Geomancy

   Spells                             Type                      Level
   a - Sandblast                      Earth                        1
   b - Passwall                       Transmutation/Earth          2
   c - Stone Arrow                    Conjuration/Earth            3
   d - Petrify                        Transmutation/Earth          4
   e - Lee's Rapid Deconstruction     Earth                        5
Comestibles
 b - 4 chunks of flesh
 d - 5 bread rations
 h - 2 fruits
 s - 2 meat rations
 w - 2 royal jellies


   Skills:
 - Level 1.5 Dodging
 - Level 2.1 Stealth
 - Level 6.3 Spellcasting
 + Level 3.1 Conjurations
   Level 0.7 Transmutations
 * Level 6.6 Earth Magic


You had 9 spell levels left.
You knew the following spells:

 Your Spells              Type           Power        Failure   Level  Hunger
a - Sandblast             Erth           ####..       1%          1    None
b - Stone Arrow           Conj/Erth      ###...       4%          3    ##.....
c - Lee's Rapid Deconstr  Erth           ####......   21%         5    #####..


Dungeon Overview and Level Annotations

Branches:
Dungeon (5/15)             Temple (0/1) D:5

Altars:

Annotations:
D:5 Thaneod's ghost, novice HOFE


Innate Abilities, Weirdness & Mutations

You are resistant to torment.
Your stone body is resilient. (AC +4)
You are immune to poison.
You resist negative energy. (rN+)
You are resistant to electric shocks. (rElec)
You can survive without breathing.
You are immune to petrification.
You are immune to rotting.


Message History

Casting: Sandblast
Confirm with . or Enter, or press ? or * to list all spells.
Aiming: Sandblast
Press: ? - help, Shift-Dir - straight line, f/p - Thaneod's ghost
Aim: Thaneod's ghost (almost destroyed)
The blast of sand misses Thaneod's ghost.
l - 15 stones The bat zombie hits you but does no damage.
The bat zombie misses you. Thaneod's ghost misses you.
The bat zombie hits you but does no damage.
The bat zombie hits you but does no damage. x2
Thaneod's ghost gestures at you while chanting.
The flame tongue hits you!
* * * LOW HITPOINT WARNING * * *
It was a potion of cancellation.
You feel magically purged. The bat zombie closely misses you.
The bat zombie barely misses you.
The bat zombie hits you but does no damage.
Thaneod's ghost casts a spell at you. The flame tongue hits you!
You die...

*** *_* *,* ***,***
#############≈,,,≈*
##.....#.....#≈,,,≈*
##.<..........#≈,,,≈*
#...>.........#≈,,,≈* **
#.............#≈,,,≈* ,*
#.<.....).....#≈,,,≈* ,*
#..Z@.........#≈,,,≈* ,******
#.............#≈,,,≈* ,,,,,<****
#...W.........#**,*** ,,,,*,,,,*
##............# *,* *
,,,,,,,,,*** ##.....#.....# *,* *
,,,,,,,,,,.####.###..#######*,***
>,,,,,,,,*.......###........,,,,,
,,,,,,,,,,..................,.,,,
,,,,,*,,,*##....#.............,,,
,,,,,,,,,* ##..##...#......)..,,,
,,,,**,,,* #.,*#...##........,,,


You could see Thaneod's ghost and a bat zombie.

Vanquished Creatures
  Eustachio (D:4)
  3 ogres
  A sky beast (D:5)
  An orc priest (D:4)
  2 orc wizards
  3 worker ants
  A centaur skeleton (D:4)
  Robin (D:3)
  3 adders
  A shadow imp (D:5)
  An ooze (D:3)
  4 worms
  4 leopard geckos
  11 orcs
  6 bats
  2 giant cockroaches
  18 goblins
  12 hobgoblins
  4 jackals
  6 kobolds
  3 quokkas
  2 ball pythons
  2 frilled lizards (D:1)
  A leopard gecko skeleton (D:5)
  8 rats
  A rat zombie (D:5)
102 creatures vanquished.

Notes
Turn   | Place    | Note
-------+----------+-------------------------------------------
     0 | D:1      | hilaritas the Gargoyle Earth Elementalist began the quest for the Orb.
     0 | D:1      | Reached XP level 1. HP: 10/10 MP: 3/3
   213 | D:1      | Reached XP level 2. HP: 15/15 MP: 3/5
   715 | D:1      | Reached XP level 3. HP: 19/19 MP: 6/6
   723 | D:1      | Learned a level 3 spell: Stone Arrow
   834 | D:1      | Reached skill level 5 in Earth Magic
  1648 | D:2      | Reached skill level 1 in Conjurations
  1939 | D:3      | Reached XP level 4. HP: 24/24 MP: 3/7
  2118 | D:3      | Noticed Robin
  2138 | D:3      | Killed Robin
  2461 | D:3      | Reached XP level 5. HP: 28/28 MP: 4/8
  2501 | D:3      | Learned a level 5 spell: Lee's Rapid Deconstruction
  2801 | D:4      | Noticed Eustachio
  2815 | D:4      | Killed Eustachio
  2815 | D:4      | Reached XP level 6. HP: 15/32 MP: 2/12
  3615 | D:4      | Reached skill level 5 in Spellcasting
  4042 | D:4      | Reached XP level 7. HP: 36/36 MP: 7/15
  4265 | D:5      | Entered Level 5 of the Dungeon
  4773 | D:5      | Noticed Thaneod's ghost (novice HOFE)
  4958 | D:5      | Killed from afar by Thaneod's ghost

Skill      XL: |  1  2  3  4  5  6  7 |
---------------+----------------------+-----
Earth Magic    | 4 5 6 |  6.6
Conjurations   | 1 2 3 |  3.1
Spellcasting   | 4 5 6 |  6.3
Dodging        | |  1.5
Stealth        | |  2.1
Transmutations | |  0.7

Action                   |  1- 3 |  4- 6 |  7- 9 || total
-------------------------+-------+-------+-------++-------
Melee: Unarmed           |     5 |       |       ||     5
       Whip              |    52 |    99 |    34 ||   185
 Cast: Sandblast         |    33 |    46 |     9 ||    88
       Stone Arrow       |       |    11 |    27 ||    38
  Use: Potion            |       |     1 |     2 ||     3
       Scroll            |       |       |    11 ||    11
 Stab: Sleeping          |     2 |       |       ||     2
  Eat: Chunk             |     4 |     7 |     4 ||    15
Armor: Robe              |    16 |    52 |    49 ||   117
Dodge: Dodged            |    41 |   108 |    69 ||   218
